Map: World of Sleepers LE

Players

pzlin

  • Race: Protoss Protoss
  • League: Diamond
  • Spawn Location: 7:00

A.I. 1 (Very Easy) - Winner!

  • Race: Terran Terran
  • Spawn Location: 1:00

VOD

Have the link to the VOD?

Description

Time

  • Played on: Sept. 1, 2019, 12:39 a.m.
  • Length: 4:57
Show
View Real Time Build Order
Export as new Build Order

pzlin Protoss 

Build Orders: 1 Gate Expand 

Get SALT Encoding   

  12  0:00  Probe  
  13  0:13  Probe  
  14  0:16  Pylon  
  14  0:24  Probe  
  15  0:32  Probe  
  15  0:39  Gateway  
  15  0:40  Probe  
  16  0:46  Assimilator  
  17  0:51  Probe  
  18  1:03  Probe  
  19  1:15  Probe  
  20  1:29  Cybernetics Core  
  20  1:33  Nexus  
  20  1:37  Probe  
  21  1:45  Pylon  
  21  1:51  Probe  
  21  1:54  Assimilator  
  22  1:56  Stalker  
  22  1:57  Warp Gate  
  22  2:03  Probe  
  25  2:15  Shield Battery  
  25  2:18  Probe  
  26  2:25  Stalker  
  28  2:33  Shield Battery  
  28  2:44  Robotics Facility  
  28  2:47  Stalker  
  28  2:49  Shield Battery  
  30  3:07  Gateway  
  30  3:08  Stalker  
  32  3:25  Gateway  
  32  3:31  Observer  
  33  3:35  Probe x2  
  35  3:47  Stalker  
  37  3:48  Immortal  
  41  4:03  Probe x2  
  41  4:09  Pylon  
  43  4:15  Stalker  
  45  4:24  Probe  
  46  4:27  Probe  
  47  4:36  Stalker  
  47  4:37  Stalker  
  51  4:41  Stalker  
Show
View Real Time Build Order
Export as new Build Order

A.I. 1 (Very Easy) Terran - Winner!

Build Orders:  

Get SALT Encoding   

  12  0:00  SCV  
  13  0:13  SCV  
  14  0:18  Supply Depot  
  14  0:37  Refinery  
  14  0:41  Barracks  
  14  1:04  Supply Depot  
  14  1:12  Refinery  
  14  1:29  Marine  
  14  1:30  SCV  
  16  1:42  SCV  
  17  1:54  SCV  
  18  2:02  Marine  
  18  2:06  SCV  
  20  2:18  SCV  
  21  2:31  SCV  
  21  2:35  Marine  
  23  2:43  Orbital Command  
Tags
 
Add a new tag
Caveats
  • Supply blocks, unpowered buildings, or Contaminate may cause inaccurate times.
  • Supply counts are checked every 10 seconds.